 Dungeon Crawl Stone Soup version 0.30.0-29-ga12c61a403 (webtiles) character file.

Game seed: 14175343576159451916

1847 Graphine the Myrmidon (level 8, -3/96 HPs)
             Began as a Demonspawn Monk on June 21, 2023.
             Was an Elder of Okawaru.
             Slain by a white ugly thing (20 damage)
             ... on level 7 of the Dungeon.
             The game lasted 00:11:08 (5801 turns).

Graphine the Myrmidon (Demonspawn Monk)             Turns: 5801, Time: 00:11:08

Health: -3/96      AC:  7    Str: 11    XL:     8   Next: 88%
Magic:  12/12      EV: 19    Int: 12    God:    Okawaru [****..]
Gold:   374        SH:  0    Dex: 18    Spells: 7/7 levels left

rFire   . . .        a - +4 falchion
rCold   . . .        h - orb {*Rage}
rNeg    . . .        e - +1 leather armour
rPois   .            (no helmet)
rElec   .            r - +0 cloak
rCorr   .            (no gloves)
SInv    .            (no boots)
Will    .....        l - amulet of regeneration Stlth
                     (no ring)
HPRegen 1.16/turn    (no ring)
MPRegen 0.13/turn

%: random rage (20%)
@: mighty, agile, berserking, very quick
A: yellow scales 1, powered by pain 2
a: Renounce Religion, Heroism, Finesse


You were on level 7 of the Dungeon.
You worshipped Okawaru.
Okawaru was greatly pleased with you.
You visited 1 branch of the dungeon, and saw 7 of its levels.
You also visited: Sewer.

You collected 374 gold pieces.

Inventory:

Hand Weapons
 a - a +4 falchion (weapon)
 i - a +0 dagger of venom
Missiles
 j - 3 boomerangs (quivered)
 q - 2 throwing nets
Armour
 d - an orb of light
 e - a +1 leather armour (worn)
 h - an orb of wrath (worn)
 n - an orb of mayhem
 r - a +0 cloak (worn)
Jewellery
 l - an amulet of regeneration (around neck)
Wands
 p - a wand of flame (19)
Scrolls
 f - a scroll of identify
 g - a scroll of fog
 k - a scroll of silence
 t - a scroll of blinking
Potions
 b - a potion of curing
 c - a potion of ambrosia
 m - a potion of invisibility
 o - a potion of degeneration
 s - 2 potions of flight
 u - a potion of cancellation
 v - 2 potions of haste
 w - a potion of resistance
 x - a potion of mutation


   Skills:
 + Level 6.0 Fighting
 + Level 5.5 Long Blades
 + Level 4.3 Throwing
 + Level 5.4 Dodging
 + Level 6.2 Invocations


You had 7 spell levels left.
You didn't know any spells.
Your spell library contained the following spells:

 Spells                   Type           Power      Damage    Failure   Level
 Beastly Appendage        Tmut           0%         N/A       41%         1
 Lesser Beckoning         Tloc           0%         N/A       54%         2
 Wereblood                Tmut           0%         N/A       54%         2
 Frozen Ramparts          Ice            0%         1d1       78%         3
 Gell's Gravitas          Tloc           0%         N/A       78%         3
 Spider Form              Tmut/Pois      0%         N/A       78%         3
 Teleport Other           Tloc           0%         N/A       78%         3
 Ice Form                 Ice/Tmut       0%         N/A       99%         4
 Summon Ice Beast         Ice/Summ       Unusable   N/A       N/A         4

Dungeon Overview and Level Annotations

Branches:
Dungeon (7/15)             Temple (0/1) D:6           Sewer (visited)

Altars:
Cheibriados
Okawaru
Qazlal

Shops:
D:5 :


Innate Abilities, Weirdness & Mutations

You are partially covered in yellow scales. (AC +2)
You sometimes gain power by taking damage.


Message History

You barely miss the white ugly thing.
The white ugly thing is heavily wounded.
The white ugly thing gores you! The white ugly thing freezes you!
* * * LOW HITPOINT WARNING * * *
Hit: a) +4 falchion
Press: ? - help, Dir - move target, f/p - white ugly thing
Aim: a white ugly thing (heavily wounded, about 30% to evade your +4 falchion)
You slash the white ugly thing!
The white ugly thing is severely wounded.
The white ugly thing completely misses you.
Unknown command.
You are too berserk!
Hit: a) +4 falchion
Press: ? - help, Dir - move target, f/p - white ugly thing
Aim: a white ugly thing (severely wounded, about 30% to evade your +4 falchion)
You closely miss the white ugly thing.
The white ugly thing is severely wounded.
Unknown command.
Hit: a) +4 falchion
Press: ? - help, Dir - move target, f/p - white ugly thing
Aim: a white ugly thing (severely wounded, about 30% to evade your +4 falchion)
You completely miss the white ugly thing.
The white ugly thing is severely wounded.
The white ugly thing misses you.
Unknown command.
Hit: a) +4 falchion
Press: ? - help, Dir - move target, f/p - white ugly thing
Aim: a white ugly thing (heavily wounded, about 30% to evade your +4 falchion)
You slash the white ugly thing!
The white ugly thing is severely wounded.
Unknown command.
Hit: a) +4 falchion
Press: ? - help, Dir - move target, f/p - white ugly thing
Aim: a white ugly thing (severely wounded, about 30% to evade your +4 falchion)
You barely miss the white ugly thing.
The white ugly thing is severely wounded.
The white ugly thing gores you.
* * * LOW HITPOINT WARNING * * *
The white ugly thing freezes you!!
You die...

.........
.........
#........
##........ #
#.......
#.#.##.....#
.......u...###.
#......@.......
..........#####
##........#
##.......#
.........#
######...#.
#...#..
....#...


You could see a white ugly thing.

Vanquished Creatures
  2 ice beasts
  2 ogres
  4 phantoms
  2 bullfrogs
  A scorpion (D:4)
  5 killer bees (D:5)
  A howler monkey (D:4)
  2 hounds (D:6)
  2 jellies
  2 orc priests (D:4)
  A gnoll bouda (D:4)
  3 iguanas
  2 sleepcaps
  A hell rat (Sewer)
  An orc wizard (D:5)
  10 gnolls
  8 adders
  4 river rats (D:3)
  A shadow imp (D:5)
  A white imp (D:5)
  An ufetubus (D:4)
  5 worms
  5 dart slugs
  12 orcs
  10 ball pythons
  7 endoplasms
  5 giant cockroaches
  13 goblins
  7 hobgoblins
  4 jackals (D:4)
  3 quokkas
  10 bats
  2 frilled lizards
  13 kobolds
  9 rats
161 creatures vanquished.

Notes
Turn   | Place    | Note
-------+----------+-------------------------------------------
     0 | D:1      | Graphine the Demonspawn Monk began the quest for the Orb.
     0 | D:1      | Reached XP level 1. HP: 18/18 MP: 1/1
   136 | D:1      | Gained mutation: You sometimes gain a little power by
                  | taking damage. [demonic ancestry]
   136 | D:1      | Reached XP level 2. HP: 13/24 MP: 2/2
   321 | D:1      | Found a faded altar of an unknown god.
   340 | D:1      | Prayed at the altar of an unknown god.
   340 | D:1      | Became a worshipper of Warmaster Okawaru
   340 | D:1      | Reached * piety under Okawaru
   340 | D:1      | Reached ** piety under Okawaru
   450 | D:1      | Reached XP level 3. HP: 29/29 MP: 3/3
   703 | D:1      | Reached *** piety under Okawaru
   791 | D:1      | Reached skill level 1 in Invocations
  1242 | D:2      | Reached XP level 4. HP: 36/36 MP: 4/4
  1328 | D:2      | Reached skill level 1 in Throwing
  1723 | D:3      | Found a glowing drain.
  1731 | D:3      | Gained mutation: You are partially covered in yellow
                  | scales. (AC +2) [demonic ancestry]
  1731 | D:3      | Reached XP level 5. HP: 25/42 MP: 6/6
  1792 | Sewer    | Entered a sewer
  2425 | D:3      | Found a snail-covered altar of Cheibriados.
  2932 | D:4      | You fall into a shaft and drop 2 floors!
  2944 | D:6      | Reached XP level 6. HP: 48/48 MP: 6/8
  2951 | D:5      | Entered Level 5 of the Dungeon
  2951 | D:5      | Noticed an ice beast
  2963 | D:5      | Killed an ice beast
  3365 | D:5      | Gained mutation: You sometimes gain power by taking damage.
                  | [demonic ancestry]
  3365 | D:5      | Reached XP level 7. HP: 43/55 MP: 6/9
  3383 | D:5      | Reached **** piety under Okawaru
  3909 | D:5      | Reached skill level 5 in Fighting
  4227 | D:5      | Found Naill's Tremendous Tomes.
  4272 | D:5      | Found a stormy altar of Qazlal.
  4432 | D:4      | Reached XP level 8. HP: 62/62 MP: 11/11
  4498 | D:4      | Reached skill level 5 in Invocations
  4683 | D:4      | Reached skill level 5 in Long Blades
  4683 | D:4      | Reached skill level 5 in Dodging
  5339 | D:6      | Found a staircase to the Ecumenical Temple.
  5786 | D:7      | Noticed a white ugly thing
  5801 | D:7      | Slain by a white ugly thing

Illustrated notes

Levels and vault maps discovered:
D:1:      dpeg_arrival_rooms_with_view, layout_basic,
          shapermc_ecumenical_altar_totnotflames, minivault_11,
          kennysheep_small_spiral
D:2:      layout_basic
D:3:      layout_basic, general_overflow_altar, chei_slow_surprise,
          portal_sewer_entry_c, serial_forest, infiniplex_forest_clump_small,
          infiniplex_forest_lined_room_2, infiniplex_forest_straight_4,
          infiniplex_forest_clump_small, infiniplex_forest_end_1,
          infiniplex_forest_lined_2, infiniplex_forest_straight_2,
          infiniplex_forest_straight_1, infiniplex_forest_diagonal,
          infiniplex_forest_end_2
D:4:      minmay_spotlight, layout_basic
D:5:      layout_loops_ring, kennysheep_mini, minmay_misc_feat_more_columns,
          nicolae_shop_i_like_big_books
D:6:      layout_loops_ring, minmay_temple_entry_gardened_gates,
          kennysheep_generic_room_3
D:7:      layout_basic, serial_glass, glass_columns_a, glass_columns_b,
          due_unseen_surprise

Skill      XL: |  1  2  3  4  5  6  7  8 |
---------------+-------------------------+-----
Long Blades    | 3 4 5 |  5.5
Dodging        | 3 4 5 |  5.4
Invocations    | 1 2 3 4 6 |  6.2
Throwing       | 1 2 3 4 |  4.3
Fighting       | 4 5 6 |  6.0

Action                     |  1- 3 |  4- 6 |  7- 9 || total
---------------------------+-------+-------+-------++-------
  Melee: Falchion          |    94 |   175 |   171 ||   440
  Throw: Boomerang         |       |     1 |    66 ||    67
 Invoke: Heroism           |       |     2 |     1 ||     3
    Use: Scroll            |     4 |     5 |    12 ||    21
         Potion            |       |       |     5 ||     5
 Armour: Leather armour    |    19 |    40 |    32 ||    91
  Dodge: Dodged            |    59 |   137 |   131 ||   327
